 Dungeon Crawl Stone Soup version 0.31-a0-369-g8eba5f6939 (webtiles) character file.

Game seed: 14775304256232724786

1582 floatRand the Grappler (level 8, -1/59 HPs)
             Began as a Pale Draconian Shapeshifter on July 28, 2023.
             Was an Initiate of Wu Jian.
             Slain by an orc warrior
             ... wielding a +0 war axe
              (8 damage)
             ... on level 8 of the Dungeon.
             The game lasted 00:06:31 (5572 turns).

floatRand the Grappler (DrSh)                       Turns: 5572, Time: 00:06:32

Health: -1/59      AC:  2    Str: 26    XL:     8   Next: 60%
Magic:  8/8        EV: 11    Int:  9    God:    Wu Jian [......]
Gold:   364        SH:  3    Dex: 11    Spells: 5/7 levels left

rFire   . .          .
                       - Unarmed
rCold   . . .        j - +0 buckler
rNeg    . . .        (body armour unavailable)
rPois   .            (helmet currently unavailable)
rElec   .            (cloak currently unavailable)
rCorr   .            (gloves currently unavailable)
SInv    .            (boots currently unavailable)
Will    .....        m - amulet of magic regeneration
Stlth   +            q - +6 ring of strength
HPRegen 0.29/turn    (no ring)
MPRegen 0.51/turn

%: no passive effects
@: short of breath, beast-form, corroded
A: beast (slay +3), breathe steam, AC +6, unfitting armour, cold-blooded, steam
resistance
a: Breathe Steam, Begin Untransformation, Renounce Religion


You were on level 8 of the Dungeon.
You worshipped Wu Jian.
Wu Jian was noncommittal.
You were a hulking beast.
You visited 2 branches of the dungeon, and saw 8 of its levels.

You collected 364 gold pieces.

Inventory:

Hand Weapons
 s - the +10 quarterstaff of the Beginning {pain, Str-3 Int+4}
   (You found it on level 8 of the Dungeon)

   Str:       It affects your strength (-3).
   Int:       It affects your intelligence (+4).
Armour
 e - a +0 pair of gloves
 j - a +0 buckler (worn)
Jewellery
 m - an amulet of magic regeneration (around neck)
 q - a +6 ring of strength (left hand)
Talismans
 b - a beast talisman
Wands
 p - a wand of iceblast (12)
Scrolls
 c - a scroll of revelation
 f - 4 scrolls of identify {unknown}
 h - a scroll of noise {unknown}
 i - 3 scrolls of vulnerability {unknown}
 l - a scroll of fear {unknown}
 o - 3 scrolls of fog {unknown}
Potions
 a - a potion of lignification
 d - 2 potions of heal wounds {unknown}
 g - a potion of degeneration {unknown}
 k - a potion of resistance {unknown}
 n - a potion of attraction {unknown}
 r - a potion of might {unknown}


   Skills:
 - Level 1.1 Fighting
 - Level 1.7 Dodging
 - Level 0.1 Shields
 * Level 8.8 Unarmed Combat
 + Level 4.0 Translocations
 + Level 5.6 Shapeshifting


You had 5 spell levels left.
You knew the following spells:

 Your Spells              Type           Power      Damage    Failure   Level
a - Blink                 Tloc           14%        N/A       14%         2

Your spell library contained the following spells:

 Spells                   Type           Power      Damage    Failure   Level
 Lesser Beckoning         Tloc           14%        N/A       14%         2
 Momentum Strike          Conj/Tloc      6%         3d8       32%         2
 Sting                    Tmut/Pois      0%         1d3       45%         1
 Poisonous Vapours        Pois/Air       0%         N/A       58%         2
 Olgreb's Toxic Radiance  Pois           0%         N/A       99%         4


Dungeon Overview and Level Annotations

Branches:
Dungeon (6/15)             Temple (1/1) D:5

Altars:
Ashenzari
Elyvilon
Fedhas
Gozag
Hepliaklqana
Kikubaaqudgha
Nemelex Xobeh
Okawaru
Qazlal
Ru
Sif Muna
Trog
Uskayaw
Wu Jian
Xom
Yredelemnul
Zin
The Shining One

Shops:
D:1 (

Annotations:
D:8 Maggie


Innate Abilities, Weirdness & Mutations

You are a hulking beast.
Your limbs bulge with bestial killing power. (Slay +3)
You can breathe blasts of scalding, opaque steam.
Your pale cyan-grey scales are hard. (AC +6)
You cannot fit into any form of body armour.
You are cold-blooded and may be slowed by cold attacks.
You are immune to the effects of steam.


Message History

You kill the jelly!
The Council accepts your kill.
The orc priest looks braver for a moment.
An orc comes into view. It is wielding a +0 dagger.
Unknown command.
You lunge at the orc.
You punch the orc!
You kill the orc!
The Council accepts your kill.
Maggie casts a spell.
Maggie attempts to bespell you!
You are mesmerised by Maggie!
Unknown command.
Aiming: Breathe Steam (1% risk of failure)
Press: ? - help, Shift-Dir - straight line, f - Maggie
Aim: Maggie, wielding a +0 war axe of flaming, wearing +0 acid dragon scales and carrying a wand of iceblast (mesmerising, 71% to hit)
You exhale a blast of scalding steam.
You break out of your daze!
Unknown command.
Unknown command.
Maggie casts a spell.
Maggie attempts to bespell you! You resist.
The orc warrior is engulfed in a cloud of scalding steam.
Unknown command.
You hit the orc warrior but do no damage.
The orc warrior is lightly wounded.
Maggie is engulfed in a cloud of scalding steam.
The orc warrior hits you with a +0 war axe!
Unknown command.
Unknown command.
Maggie is engulfed in a cloud of scalding steam.
Maggie mumbles some strange words.
Maggie attempts to bespell you! You resist.
The orc priest casts a cantrip, but nothing happens.
The orc throws a boomerang.
The boomerang barely misses you. Maggie gestures at you while chanting.
The bolt of fire hits you!!
* * * LOW HITPOINT WARNING * * *
The orc warrior attacks as you move away!
The orc warrior hits you with a +0 war axe!
You die...

##........§..
#.....§..§§#
#.....§..@.#
#.....§)...#
#.......oo.#
#..........###..
##..............
#.......o..###.
#.......h..#
#..........#
#..........#
#.......^..#
##.........#
##.....##.##
#######.#P.P#
#....####≈.≈##
#.♣.♣.##≈≈.≈≈###
.


You could see Maggie, an orc warrior, an orc priest and an orc.

Vanquished Creatures
  Sigmund (D:2)
  A black bear (D:5)
  2 centaurs (D:5)
  A phantom (D:5)
  A kobold brigand (D:8)
  A scorpion (D:5)
  2 jellies
  A sleepcap (D:4)
  9 orc priests
  Ijyb (D:5)
  A hound (D:4)
  5 iguanas
  Terence (D:2)
  6 orc wizards
  Robin (D:4)
  7 gnolls (D:2)
  5 adders
  A shadow imp (D:5)
  An ufetubus (D:5)
  4 worms
  4 dart slugs
  15 orcs
  6 ball pythons
  7 bats
  5 endoplasms
  3 giant cockroaches
  17 goblins
  11 hobgoblins
  5 jackals
  10 kobolds
  3 quokkas
  2 frilled lizards
  3 rats
143 creatures vanquished.

Notes
Turn   | Place    | Note
-------+----------+-------------------------------------------
     0 | D:1      | floatRand the Draconian Shapeshifter began the quest for
                  | the Orb.
     0 | D:1      | Reached XP level 1. HP: 16/16 MP: 1/1
   178 | D:1      | Reached XP level 2. HP: 21/23 MP: 2/2
   190 | D:1      | Found Yppa's Antique Weapon Boutique.
   788 | D:2      | Reached XP level 3. HP: 18/28 MP: 3/3
  1140 | D:2      | Reached skill level 4 in Unarmed Combat
  1215 | D:2      | Noticed Sigmund
  1237 | D:2      | Killed Sigmund
  1238 | D:2      | Reached skill level 5 in Unarmed Combat
  1238 | D:2      | Reached XP level 4. HP: 35/35 MP: 4/4
  1238 | D:2      | Reached XP level 5. HP: 40/40 MP: 5/5
  1358 | D:2      | Noticed Terence
  1374 | D:2      | Killed Terence
  1511 | D:2      | Reached XP level 6. HP: 47/47 MP: 6/6
  1647 | D:2      | Reached skill level 6 in Unarmed Combat
  1810 | D:2      | Found a faded altar of an unknown god.
  2262 | D:3      | Learned a level 2 spell: Blink
  2934 | D:4      | Noticed Robin
  2945 | D:4      | Killed Robin
  3195 | D:4      | Reached skill level 1 in Translocations
  3408 | D:4      | Your scales start taking on a pale cyan-grey colour.
  3408 | D:4      | Reached XP level 7. HP: 30/52 MP: 7/7
  3408 | D:4      | Gained mutation: You are immune to the effects of steam.
                  | [Pale Draconian growth]
  3643 | D:4      | Reached skill level 7 in Unarmed Combat
  4053 | D:5      | Entered Level 5 of the Dungeon
  4209 | D:5      | Found a shimmering blue altar of Sif Muna.
  4210 | D:5      | Found a stormy altar of Qazlal.
  4280 | D:5      | Reached skill level 5 in Shapeshifting
  4291 | D:5      | Reached XP level 8. HP: 28/59 MP: 8/8
  4590 | D:5      | Noticed Ijyb
  4596 | D:5      | Killed Ijyb
  4619 | D:5      | Reached skill level 8 in Unarmed Combat
  4698 | D:5      | Found a staircase to the Ecumenical Temple.
  4717 | Temple   | Entered the Ecumenical Temple
  4838 | Temple   | Became a worshipper of the Wu Jian Council
  5071 | D:5      | Found an ancient bone altar of Kikubaaqudgha.
  5479 | D:6      | You fall into a shaft and drop 2 floors!
  5513 | D:8      | Identified the +0 leather armour of Recklessness {rPois
                  | rN++ Str+2 Dex-5}
  5527 | D:8      | Identified the +10 quarterstaff of the Beginning {pain,
                  | Str-3 Int+4}
  5563 | D:8      | Noticed Maggie
  5572 | D:8      | Slain by an orc warrior

Illustrated notes

Levels and vault maps discovered:
D:1:      lemuel_arrival_river_bridge, layout_basic, serial_shops, shop,
          minmay_small_reverse_x
D:2:      layout_loops_corners, dreamdust_ecumenical_altar_hidden_monk_grotto,
          chequers_jeans, hex_large, uniq_terence, uniq_sigmund
D:3:      layout_basic
D:4:      layout_cave_pods, kennysheep_generic_room_13, uniq_robin
D:5:      layout_loops_corners, kiku_gazebo_pond_becter, jmf_multi_god_temple,
          minmay_temple_entry_slanted, st_stairs_9, uniq_ijyb
D:6:      layout_basic, serial_shops, shop, st_stairs_11
D:8:      wad_lake_hut, layout_rooms, grunt_dithmenos_smoke,
          mainiacjoe_overflow_cross_hatched, serial_shops,
          nicolae_shop_waterfront, dreamdust_princess_bridge, uniq_maggie
Temple:   hellmonk_temple_of_storms

Skill      XL: |  1  2  3  4  5  6  7  8 |
---------------+-------------------------+-----
Unarmed Combat | 5 6 7 8 |  8.8
Shapeshifting  | 4 5 |  5.6
Translocations | 1 2 4 |  4.0
Fighting       | |  1.1
Dodging        | |  1.7
Shields        | |  0.1

Action                     |  1- 3 |  4- 6 |  7- 9 || total
---------------------------+-------+-------+-------++-------
  Melee: Unarmed           |    60 |   181 |   126 ||   367
         Tailslap          |     6 |    18 |    18 ||    42
         Punch             |       |     3 |       ||     3
Ability: Breathe Steam     |       |       |     5 ||     5
         Lunge             |       |       |     6 ||     6
    Use: Scroll            |     1 |       |       ||     1
         Potion            |     1 |       |       ||     1
   Stab: Sleeping          |     1 |       |       ||     1
 Armour: Skin              |    16 |    44 |    19 ||    79
  Dodge: Dodged            |    46 |    87 |    71 ||   204
  Block: Buckler           |       |    14 |    11 ||    25

Table legend: (Time is in decaauts)
 A = Elapsed time spent in this place.
 B = Non-inter-level travel time spent in this place.
 C = Inter-level travel time spent in this place.
 D = Time resting spent in this place.
 E = Time spent auto-exploring this place.
 F = Levels seen in this place.
 G = Mean time per level.
                   A        B        C        D        E       F      G
               +--------+--------+--------+--------+--------+-----+--------+
         Total |   5542 |   5416 |    126 |    857 |   3351 |   8 |  692.8 |
       Dungeon |   5399 |   5300 |     99 |    757 |   3351 |   7 |  771.3 |
        Temple |    142 |    115 |     27 |    100 |      0 |   1 |  142.0 |
               +--------+--------+--------+--------+--------+-----+--------+

Top non-repeatable levels by time:
     D:5: 1245 daAuts
     D:2: 1227 daAuts
     D:4: 1217 daAuts
     D:1: 923 daAuts
     D:3: 665 daAuts
  Temple: 142 daAuts
     D:8: 90 daAuts
     D:6: 29 daAuts
